 Dungeon Crawl Stone Soup version 0.30-a0-210-g01b79a254e (webtiles) character file.

Game seed: 7730431672275154044

1017 IdlyInterested the Cutter (level 8, 0/56 HPs)
             Began as a Demonspawn Gladiator on Oct 4, 2022.
             Slain by an iguana (8 damage)
             ... on level 5 of the Dungeon.
             The game lasted 00:12:45 (3575 turns).

IdlyInterested the Cutter (Demonspawn Gladiator)    Turns: 3575, Time: 00:12:45

Health: 0/56       AC: 10    Str: 15    XL:     8   Next: 2%
Magic:  8/8        EV: 10    Int: 12    God:
Gold:   59         SH:  0    Dex: 20    Spells: 4/7 levels left

rFire   . . .      SeeInvis .    p - +3 dagger (drain)
rCold   . . .      Faith    .    (no shield)
rNeg    . . .      Spirit   .    j - +1 scale mail
rPois   +          Reflect  .    (helmet restricted)
rElec   .          Harm     .    (no cloak)
rCorr   .          Rampage  .    (no gloves)
Will    .....                    (no boots)
Stlth   ++........               l - amulet of magic regeneration
HPRegen 1.29/turn                g - ring of poison resistance
MPRegen 0.51/turn                x - +6 ring of dexterity

@: mighty
A: horns 1, slimy green scales 2, powered by death 2
a: no special abilities


You were on level 5 of the Dungeon.
You visited 2 branches of the dungeon, and saw 6 of its levels.

You collected 183 gold pieces.
You spent 124 gold pieces at shops.

Inventory:

Hand Weapons
 a - a +4 rapier
 f - a +0 long sword
 p - a +3 dagger of draining (weapon)
Missiles
 e - 5 javelins
 n - 8 poisoned darts
 t - 2 boomerangs (quivered)
Armour
 b - a +0 leather armour
 h - a +0 ring mail
 i - a +0 robe
 j - a +1 scale mail (worn)
Magical Staves
 c - a staff of cold
Jewellery
 g - a ring of poison resistance (left hand)
 l - an amulet of magic regeneration (around neck)
 x - a +6 ring of dexterity (right hand)
Scrolls
 k - a scroll of teleportation
 m - a scroll of identify
Potions
 o - a potion of mutation
 q - 2 potions of curing
 r - 2 potions of flight
 u - a potion of resistance
 w - a potion of brilliance {unknown}


   Skills:
 - Level 2.0 Fighting
 + Level 5.7 Short Blades
 - Level 1.7 Throwing
 - Level 2.6 Dodging
 - Level 5.0 Stealth
 * Level 0.6 Conjurations
 - Level 5.0 Hexes


You had 4 spell levels left.
You knew the following spells:

 Your Spells              Type           Power      Damage    Failure   Level
a - Dazzling Flash        Conj/Hex       12%        N/A       78%         3

Your spell library contained the following spells:

 Spells                   Type           Power      Damage    Failure   Level
 Necrotise                Necr           0%         1d4       80%         1
 Vampiric Draining        Necr           0%         2d6       99%         3
 Iskenderun's Mystic Bla  Conj/Tloc      0%         2d3       100%        4
 Agony                    Necr           0%         N/A       100%        5
 Starburst                Conj/Fire      0%         6d3       100%        6


Dungeon Overview and Level Annotations

Branches:
Dungeon (5/15)             Temple (1/1) D:4

Altars:
Gozag
Hepliaklqana
Kikubaaqudgha
Nemelex Xobeh
Ru
Trog
Uskayaw
Vehumet
Xom
Yredelemnul

Shops:
D:2 *   D:4 [


Innate Abilities, Weirdness & Mutations

You have a pair of small horns on your head.
You are mostly covered in slimy green scales. (AC +3)
You regenerate health from kills.


Message History

* * * LOW HITPOINT WARNING * * *
The iguana bites you but does no damage.
You hit the two-headed ogre. You drain the two-headed ogre.
The two-headed ogre is lightly wounded.
You feel much better. The two-headed ogre misses you.
The two-headed ogre hits you with a +0 giant spiked club!
The iguana closely misses you.
Okay, then.
Okay, then.
You feel very mighty all of a sudden. The iguana bites you.
The two-headed ogre barely misses you.
The two-headed ogre hits you with a +0 giant spiked club!!
* * * LOW HITPOINT WARNING * * *
You hit the two-headed ogre. You drain the two-headed ogre.
You headbutt the two-headed ogre!
The two-headed ogre is moderately wounded.
The iguana bites you.
* * * LOW HITPOINT WARNING * * *
You puncture the two-headed ogre! You drain the two-headed ogre.
The two-headed ogre is severely wounded.
A hound comes into view.
The two-headed ogre hits you with a +0 giant club.
* * * LOW HITPOINT WARNING * * *
The two-headed ogre hits you with a +0 giant spiked club.
* * * LOW HITPOINT WARNING * * *
The iguana bites you but does no damage.
The hound barks!
You hit the two-headed ogre. You drain the two-headed ogre.
The two-headed ogre is almost dead.
The hound pauses to sniff the ground.
The iguana bites you.
* * * LOW HITPOINT WARNING * * *
You barely miss the two-headed ogre.
Your headbutt misses the two-headed ogre.
The two-headed ogre is almost dead.
The two-headed ogre barely misses you. x2
You puncture the two-headed ogre!
You kill the two-headed ogre!
The iguana bites you!
You die...

#........####
###.)....#
###.†.##...#
#...####...# #.###
##...# #. ###....#
.. #.<.†.(##...
..##
.......#..l.....#
##l..##
####..)##)@###.###
##.....#
........).# .#
##.......
#......(... .
$........
....#.###... ##
#.)...... .####.
#h.## #..|....# #
.... #....<# ...#
#..>o... ...#
#....)...
.........


You could see an iguana and a hound.

Vanquished Creatures
  A two-headed ogre (D:5)
  Pikel (D:5)
  Sigmund (D:2)
  A scorpion (D:5)
  A hound (D:5)
  An orc priest (D:4)
  2 iguanas
  Ijyb (D:5)
  Terence (D:2)
  Robin (D:4)
  3 adders
  A white imp (D:5)
  2 worms
  5 dart slugs
  An orc (D:3)
  6 ball pythons
  10 endoplasms
  4 giant cockroaches
  11 goblins
  13 hobgoblins
  5 jackals
  3 quokkas
  5 bats
  7 frilled lizards
  6 kobolds
  4 rats
97 creatures vanquished.

Vanquished Creatures (others)
  6 plants (D:4)
6 creatures vanquished.

Grand Total: 103 creatures vanquished

Notes
Turn   | Place    | Note
-------+----------+-------------------------------------------
     0 | D:1      | IdlyInterested the Demonspawn Gladiator began the quest for
                  | the Orb.
     0 | D:1      | Reached XP level 1. HP: 16/16 MP: 1/1
    56 | D:1      | Reached skill level 1 in Stealth
    58 | D:1      | Gained mutation: You regenerate a little health from kills.
                  | [demonic ancestry]
    58 | D:1      | Reached XP level 2. HP: 9/22 MP: 2/2
   147 | D:1      | You fall into a shaft and drop 1 floor!
   324 | D:1      | Gained mutation: You are partially covered in slimy green
                  | scales. (AC +2) [demonic ancestry]
   324 | D:1      | Reached XP level 3. HP: 19/27 MP: 3/3
   724 | D:2      | Found Vupi's Assorted Antiques.
   799 | D:2      | Noticed Sigmund
   821 | D:2      | Killed Sigmund
   822 | D:2      | Gained mutation: You have a pair of small horns on your
                  | head. [demonic ancestry]
   822 | D:2      | Reached XP level 4. HP: 28/33 MP: 4/4
   822 | D:2      | Gained mutation: You regenerate health from kills. [demonic
                  | ancestry]
   822 | D:2      | Reached XP level 5. HP: 32/38 MP: 5/5
   989 | D:2      | Noticed Terence
  1005 | D:2      | Killed Terence
  1525 | D:2      | Bought a viscous clear potion for 29 gold pieces
  1525 | D:2      | Bought a pink potion for 29 gold pieces
  1608 | D:2      | Learned a level 3 spell: Dazzling Flash
  1819 | D:3      | Reached XP level 6. HP: 44/44 MP: 6/6
  2331 | D:2      | Bought a scroll labelled DIFATE HADWY for 33 gold pieces
  2331 | D:2      | Bought a scroll labelled DIFATE HADWY for 33 gold pieces
  2729 | D:4      | Found a hide-covered altar of Uskayaw.
  2731 | D:4      | Found a radiant altar of Vehumet.
  2822 | D:4      | Reached skill level 5 in Stealth
  2865 | D:4      | Found Koiball's Antique Armour Shoppe.
  2935 | D:4      | Found a staircase to the Ecumenical Temple.
  2940 | Temple   | Entered the Ecumenical Temple
  3160 | D:4      | Found an opulent altar of Gozag.
  3160 | D:4      | Found a sparkling altar of Nemelex Xobeh.
  3213 | D:4      | Noticed Robin
  3227 | D:4      | Killed Robin
  3228 | D:4      | Reached skill level 1 in Hexes
  3375 | D:5      | Entered Level 5 of the Dungeon
  3375 | D:5      | Noticed a two-headed ogre
  3449 | D:5      | Noticed Pikel
  3463 | D:5      | Killed Pikel
  3464 | D:5      | Reached skill level 5 in Short Blades
  3464 | D:5      | Gained mutation: You are mostly covered in slimy green
                  | scales. (AC +3) [demonic ancestry]
  3464 | D:5      | Reached XP level 7. HP: 21/50 MP: 7/7
  3543 | D:5      | Reached skill level 5 in Hexes
  3552 | D:5      | Noticed Ijyb
  3565 | D:5      | Killed Ijyb
  3566 | D:5      | Reached XP level 8. HP: 24/56 MP: 8/8
  3575 | D:5      | Killed a two-headed ogre
  3575 | D:5      | Slain by an iguana

Illustrated notes

Levels and vault maps discovered:
D:1:      mrwooster_arrival_arrow, layout_rooms, wad_floor_pattern_untrapped
D:2:      layout_loops_ring, serial_shops, nicolae_shop_statue_plus,
          uniq_sigmund, uniq_terence
D:3:      layout_basic
D:4:      layout_loops_cross, grunt_temple_overflow_opulence, minitemple,
          minmay_temple_entry_proselytizer, nicolae_take_the_stairs,
          serial_bayou_pond_a, st_stairs_1, uniq_robin
D:5:      layout_rooms, ebering_ghost_sewer_d, uniq_ijyb, uniq_pikel
Temple:   nicolae_temple_ecumenical_triangle

Skill      XL: |  1  2  3  4  5  6  7 |
---------------+----------------------+-----
Stealth        | 1 2 4 5 |  5.0
Short Blades   | 3 4 5 |  5.7
Hexes          | 4 5 |  5.0
Fighting       | |  2.0
Throwing       | |  1.7
Dodging        | |  2.6
Conjurations   | |  0.6

Action                   |  1- 3 |  4- 6 |  7- 9 || total
-------------------------+-------+-------+-------++-------
Melee: Rapier            |   135 |    10 |       ||   145
       Dagger            |       |   142 |    31 ||   173
       Headbutt          |       |    23 |     5 ||    28
Throw: Throwing net      |     1 |       |     2 ||     3
       Boomerang         |       |     3 |       ||     3
  Use: Scroll            |       |    12 |       ||    12
       Potion            |       |     2 |     2 ||     4
 Stab: Held in net/web   |     3 |       |       ||     3
       Sleeping          |       |     4 |       ||     4
Armor: Leather armour    |     7 |       |       ||     7
       Ring mail         |    21 |       |       ||    21
       Scale mail        |    30 |    73 |     8 ||   111
Dodge: Dodged            |    71 |    73 |    14 ||   158

Table legend: (Time is in decaauts)
 A = Elapsed time spent in this place.
 B = Non-inter-level travel time spent in this place.
 C = Inter-level travel time spent in this place.
 D = Time resting spent in this place.
 E = Time spent auto-exploring this place.
 F = Levels seen in this place.
 G = Mean time per level.
                   A        B        C        D        E       F      G
               +--------+--------+--------+--------+--------+-----+--------+
         Total |   3548 |   2917 |    631 |    177 |   1707 |   6 |  591.3 |
       Dungeon |   3497 |   2866 |    631 |    177 |   1668 |   5 |  699.4 |
        Temple |     50 |     50 |      0 |      0 |     39 |   1 |   50.0 |
               +--------+--------+--------+--------+--------+-----+--------+

Top non-repeatable levels by time:
     D:2: 1041 daAuts
     D:4: 821 daAuts
     D:3: 792 daAuts
     D:1: 714 daAuts
     D:5: 128 daAuts
  Temple: 50 daAuts
